 Dungeon Crawl Stone Soup version 0.25-b1-23-ge2ad7d536c (webtiles) character file.

Game seed: 4341284408998090037, levelgen mode: deterministic

417 Dirian the Slasher (level 6, -4/53 HPs)
             Began as a Minotaur Fighter on May 28, 2020.
             Was an Initiate of Okawaru.
             Slain by Duvessa
             ... wielding a +3 short sword of distortion
              (13 damage)
             ... on level 4 of the Dungeon.
             The game lasted 00:04:28 (3458 turns).

Dirian the Slasher (Minotaur Fighter)               Turns: 3458, Time: 00:04:28

Health: -4/53      AC:  9    Str: 22    XL:     6   Next: 61%
Magic:  5/5        EV:  6    Int:  5    God:    Okawaru [......]
Gold:   132        SH: 10    Dex: 10    Spells: 5/5 levels left

rFire    . . .     SeeInvis .   n - -1 dagger (curse)
rCold    . . .     Gourm    .   c - +0 kite shield
rNeg     . . .     Faith    .   j - +0 chain mail
rPois    .         Spirit   .   (helmet restricted)
rElec    .         Reflect  .   (no cloak)
rCorr    .         Harm     .   (no gloves)
MR       .....                  (no boots)
Stlth    ..........             (no amulet)
HPRegen  0.17/turn              (no ring)
MPRegen  0.09/turn              (no ring)

@: hasted and slowed
A: retaliatory headbutt, horns 2
a: Renounce Religion


You were on level 4 of the Dungeon.
You worshipped Okawaru.
Okawaru was noncommittal.
You were not hungry.

You visited 1 branch of the dungeon, and saw 4 of its levels.

You collected 132 gold pieces.

Inventory:

Hand Weapons
 a - a +0 long sword
 l - a +0 long sword
 n - a cursed -1 dagger (weapon)
 r - a +1 dagger of draining
Armour
 c - a +0 kite shield (worn)
 j - a +0 chain mail (worn)
Wands
 h - a wand of enslavement (11)
 m - a wand of iceblast (11)
Scrolls
 g - a scroll of magic mapping
Potions
 e - 3 potions of mutation
 k - 2 potions of curing
 p - a potion of ambrosia
Comestibles
 f - 9 rations


   Skills:
 + Level 4.7 Fighting
 + Level 0.1(3.5) Short Blades
 * Level 6.4 Long Blades
 + Level 4.9 Armour
 + Level 5.0 Shields


You had 5 spell levels left.
You didn't know any spells.
Your spell library contained the following spells:

 Spells                   Type           Power        Failure   Level  Hunger
 Animate Skeleton         Necr           N/A          100%        1    ##.....
 Apportation              Tloc           #.....       100%        1    ##.....
 Corona                   Hex            #......      100%        1    ##.....
 Summon Small Mammal      Summ           #...         100%        1    ##.....


Dungeon Overview and Level Annotations

Branches:
Dungeon (4/15)
 Temple: D:4-7

Altars:
Elyvilon
Kikubaaqudgha
Makhleb
Nemelex Xobeh
Okawaru
Qazlal
Uskayaw
Vehumet
Wu Jian

Shops:
D:4 :

Annotations:
D:4 Dowan, Duvessa, Ijyb, Natasha


Innate Abilities, Weirdness & Mutations

You reflexively headbutt those who attack you in melee.
You have a pair of horns on your head.


Message History

Ijyb the Twisted Goblin comes into view.
She is wielding a +0 dagger of electrocution and carrying a wand of iceblast (11).
The hobgoblin hits you.
* * * LOW HITPOINT WARNING * * *
Dowan points at Duvessa and mumbles some strange words.
Duvessa seems to speed up.
You block Natasha's attack.
The hobgoblin hits you but does no damage.
Duvessa barely misses you.
Dowan mumbles some strange words.
Dowan blinks!
Your shield prevents you from hitting Natasha.
Natasha is almost dead.
Natasha claws you.
* * * LOW HITPOINT WARNING * * *
The hobgoblin hits you.
* * * LOW HITPOINT WARNING * * *
Unknown command.
You barely miss Natasha. Your headbutt misses Natasha.
Natasha is almost dead.
Duvessa hits you but does no damage. Space warps horribly around you!
You die...

# ### #. #######
..###.###########......
.'#.#.#.#.#.#.........
#.#.#.#.#.#.#........
#g#.#.#.#.#.........
#h#.#.#.#.#.#......
#@#.#.#.#.##......
#g#e#.#.#.#.#).....
#g#.#ยง#.#.#.########
#.#.#.#.#.#.#.#
#g#.#.#.#.#.#.## .
#.#.#.#.#.#e#.#.# ...
#.#.#.#.#.#.#.#.###[....
.#.#.#.#.#.#.#.#........
e#.#.#.#.#.#.#.#####.##


You could see Duvessa (fast, resistant), Ijyb, Dowan, Natasha, 2 hobgoblins and
a goblin.

Vanquished Creatures
  A bullfrog skeleton (D:4)
  An orc wizard (D:3)
  A centaur skeleton (D:4)
  Jessica (D:2)
  2 iguanas
  Natasha (D:4)
  2 worker ants (D:4)
  3 gnolls (D:3)
  8 adders
  3 worms
  7 orcs (D:3)
  A ball python (D:2)
  A giant cockroach (D:3)
  9 goblins
  6 hobgoblins
  5 jackals
  A quokka (D:4)
  4 bats
  3 frilled lizards
  A jackal skeleton (D:4)
  6 kobolds
  8 rats
75 creatures vanquished.

Notes
Turn   | Place    | Note
-------+----------+-------------------------------------------
     0 | D:1      | Dirian the Minotaur Fighter began the quest for the Orb.
     0 | D:1      | Reached XP level 1. HP: 19/19 MP: 0/0
   241 | D:1      | Reached XP level 2. HP: 27/27 MP: 1/1
   775 | D:2      | Reached skill level 3 in Long Blades
   839 | D:2      | Reached XP level 3. HP: 31/33 MP: 2/2
  1158 | D:2      | Noticed Jessica
  1185 | D:2      | Killed Jessica
  1185 | D:2      | Reached XP level 4. HP: 40/40 MP: 3/3
  1377 | D:2      | Reached skill level 4 in Long Blades
  1584 | D:3      | Reached XP level 5. HP: 23/47 MP: 4/4
  1871 | D:3      | Reached skill level 5 in Long Blades
  2141 | D:3      | Found an ornate altar of the Wu Jian Council.
  2152 | D:3      | Found a white marble altar of Elyvilon.
  2154 | D:3      | Found a radiant altar of Vehumet.
  2154 | D:3      | Found an iron altar of Okawaru.
  2154 | D:3      | Found a burning altar of Makhleb.
  2155 | D:3      | Found a sparkling altar of Nemelex Xobeh.
  2157 | D:3      | Found a hide-covered altar of Uskayaw.
  2159 | D:3      | Found a stormy altar of Qazlal.
  2162 | D:3      | Became a worshipper of Warmaster Okawaru
  2712 | D:4      | Found an ancient bone altar of Kikubaaqudgha.
  2725 | D:4      | Found Wekioceo's Book Emporium.
  2895 | D:4      | Reached XP level 6. HP: 46/53 MP: 5/5
  2971 | D:4      | Reached skill level 6 in Long Blades
  3184 | D:4      | Noticed Natasha
  3196 | D:4      | Killed Natasha
  3307 | D:4      | Reached skill level 5 in Shields
  3445 | D:4      | Noticed Natasha
  3446 | D:4      | Noticed Duvessa
  3446 | D:4      | Noticed Dowan
  3456 | D:4      | Noticed Ijyb
  3458 | D:4      | Slain by Duvessa

Illustrated notes

Levels and vault maps discovered:
D:1:      shiori_shiawase, layout_loops_ring,
          hangedman_abyss_or_decor_lesser_grid
D:2:      layout_basic, first_ration, uniq_jessica
D:3:      layout_basic, minitemple, roderic_serpentine_path
D:4:      layout_basic, lemuel_crystal_altar, serial_shops,
          nicolae_shop_waterfront, uniq_robin, uniq_natasha, uniq_ijyb,
          uniq_duvessa

Skill      XL: |  1  2  3  4  5  6 |
---------------+-------------------+-----
Fighting       | 4 |  4.7
Armour         | 4 |  4.9
Long Blades    | 3 4 5 6 |  6.4
Shields        | 4 5 |  5.0
Short Blades   | |  0.1

Action                   |  1- 3 |  4- 6 || total
-------------------------+-------+-------++-------
Melee: Long sword        |    60 |    90 ||   150
       Headbutt          |     7 |    32 ||    39
       Dagger            |       |    81 ||    81
  Use: Potion            |       |     2 ||     2
       Scroll            |       |     7 ||     7
  Eat: Chunk             |     1 |     7 ||     8
Armor: Scale mail        |    26 |    42 ||    68
       Chain mail        |       |    34 ||    34
Dodge: Dodged            |    16 |    31 ||    47
Block: Kite shield       |    27 |    82 ||   109
       Rpst.: Long sword |     7 |     5 ||    12
